 Dungeon Crawl Stone Soup version 0.31-a0-1001-g770356a (webtiles) character file.

Game seed: 13580582544759311617

69 Partyfoot the Ducker (level 4, 0/34 HPs)
             Began as a Demonspawn Gladiator on Nov 8, 2023.
             Succumbed to Crazy Yiuf's poison
             ... on level 2 of the Dungeon.
             The game lasted 00:16:20 (1019 turns).

Partyfoot the Ducker (Demonspawn Gladiator)         Turns: 1019, Time: 00:16:21

Health: 0/34       AC:  5    Str: 16 (17) XL:     4   Next: 2%
Magic:  3/3        EV: 12    Int:  8 (9)  God:
Gold:   21         SH:  0    Dex: 13 (14) Spells: 3/3 levels left

rFire   + . .        a - +0 trident
rCold   + + .        (no shield)
rNeg    . . .        b - +2 leather armour {rC+}
rPois   +            (no helmet)
rElec   +            (no cloak)
rCorr   +            (no gloves)
SInv    .            (no boots)
Will    .....        (no amulet)
Stlth   +            (no ring)
HPRegen 0.25/turn    (no ring)
MPRegen 0.08/turn

%: no passive effects
@: mighty, lethally poisoned (0 -> -1), resistant
A: powered by pain 1, low MP 1, poison resistance
a: no special abilities


You were on level 2 of the Dungeon.
You visited 1 branch of the dungeon, and saw 2 of its levels.

You collected 45 gold pieces.
You spent 24 gold pieces at shops.

Inventory:

Hand Weapons
 a - a +0 trident (weapon)
 h - a +4 quarterstaff of chaos
 i - a +0 sling
Missiles
 d - 3 throwing nets (quivered)
 e - 6 javelins
 j - 6 stones
Armour
 b - a +2 leather armour of cold resistance (worn)
 c - a +0 helmet
 k - a +0 cloak
Scrolls
 m - a scroll of poison {unknown}


   Skills:
 + Level 2.7 Fighting
 + Level 3.2 Polearms
 - Level 2.0 Throwing
 + Level 1.2 Armour
 + Level 3.2 Dodging


You had 3 spell levels left.
You didn't know any spells.
Your spell library was empty.

Dungeon Overview and Level Annotations

Branches:
Dungeon (2/15)

Altars:
Gozag

Shops:
D:1 ?


Innate Abilities, Weirdness & Mutations

You sometimes gain a little power by taking damage.
Your magical capacity is low. (-10% MP)
Your system is resistant to poisons. (rPois)


Message History

You puncture Crazy Yiuf!
You kill Crazy Yiuf!
* * * LOW HITPOINT WARNING * * *
You feel very sick.
You have reached level 4!
You feel stronger.
It was a potion of degeneration.
There was something very wrong with that liquid.
You feel weakened.
You feel dopey.
You feel clumsy.
* * * LOW HITPOINT WARNING * * *
You feel sick.
Okay, then.
Press: ? - help, v - describe, . - travel The floor, spattered with blood.
As you read the scroll labelled UFFITUP KUGESIOR, it crumbles to dust.
You feel strangely unstable.
It was a scroll of teleportation.
* * * LOW HITPOINT WARNING * * *
You feel sick.
As you read the scroll labelled RYATAQ CAEPNAPNEA, it crumbles to dust.
The air around you briefly surges with heat, but it dissipates.
It was a scroll of immolation.
* * * LOW HITPOINT WARNING * * *
You feel sick.
* * * LOW HITPOINT WARNING * * *
You feel sick.
There is an open translucent door, spattered with blood here.
Things that are here:
a +4 quarterstaff of chaos; a +0 cloak
h - a +4 quarterstaff of chaos;
k - a +0 cloak
* * * LOW HITPOINT WARNING * * *
You feel sick.
Okay, then.
You feel protected.
Your surroundings suddenly seem different.
A worm comes into view.
* * * LOW HITPOINT WARNING * * *
You feel sick.
You feel extremely strange.
You feel resistant to poisons.
You feel less energetic.
You die...

#....#+######
#.##.........
#.##.......##
#.###.#....'.
##.###.##...## w
#..##...###.# ...
#.##.....##.#
.....####
#.....♣.....#
.......@#
#####...#####
##+##.........#...#
#.........#.).#
+.........#.<.#
#.........#...#
#########.##### #


You could see a worm.

Vanquished Creatures
  Crazy Yiuf (D:2)
  An adder (D:2)
  A dart slug (D:1)
  4 endoplasms
  A giant cockroach (D:1)
  A goblin (D:1)
  2 hobgoblins
  3 jackals (D:1)
  2 kobolds
  2 quokkas (D:1)
  4 ball pythons (D:1)
  3 bats (D:1)
  A frilled lizard (D:1)
  2 rats (D:2)
28 creatures vanquished.

Notes
Turn   | Place    | Note
-------+----------+-------------------------------------------
     0 | D:1      | Partyfoot the Demonspawn Gladiator began the quest for the
                  | Orb.
     0 | D:1      | Reached XP level 1. HP: 16/16 MP: 1/1
   138 | D:1      | Gained mutation: You sometimes gain a little power by
                  | taking damage. [demonic ancestry]
   138 | D:1      | Reached XP level 2. HP: 21/22 MP: 2/2
   447 | D:1      | Found Syecrari's Magic Scroll Shop.
   474 | D:1      | Bought a scroll of identify for 24 gold pieces
   807 | D:2      | Reached XP level 3. HP: 27/28 MP: 3/3
   851 | D:2      | Found an opulent altar of Gozag.
   958 | D:2      | Reached skill level 1 in Armour
  1005 | D:2      | Found a runed translucent door.
  1006 | D:2      | Noticed Crazy Yiuf
  1012 | D:2      | Killed Crazy Yiuf
  1013 | D:2      | Reached XP level 4. HP: 6/34 MP: 4/4
  1017 | D:2      | HP: 1/34 [poisoned by Crazy Yiuf]
  1019 | D:2      | Gained mutation: Your system is resistant to poisons.
                  | (rPois) [potion of mutation]
  1019 | D:2      | Gained mutation: Your magical capacity is low. (-10% MP)
                  | [potion of mutation]
  1019 | D:2      | Succumbed to Crazy Yiuf's poison

Illustrated notes

Levels and vault maps discovered:
D:1:      lightli_iron_boxes, layout_basic, serial_shops, shop
D:2:      layout_basic, basic_altar, serial_park_tiny_pond, grunt_ministairs_14,
          kennysheep_generic_room_16, uniq_terence, uniq_natasha,
          uniq_crazy_yiuf_cottage

Skill      XL: |  1  2  3 |
---------------+----------+-----
Throwing       | 2 |  2.0
Polearms       | 3 |  3.2
Dodging        | 3 |  3.2
Armour         | 1 |  1.2
Fighting       | |  2.7

Action                     |  1- 3 |  4- 6 || total
---------------------------+-------+-------++-------
  Melee: Trident           |    96 |       ||    96
    Use: Scroll            |     2 |     2 ||     4
         Potion            |       |     3 ||     3
 Armour: Leather armour    |    63 |       ||    63
  Dodge: Dodged            |    56 |       ||    56

Table legend: (Time is in decaauts)
 A = Elapsed time spent in this place.
 B = Non-inter-level travel time spent in this place.
 C = Inter-level travel time spent in this place.
 D = Time resting spent in this place.
 E = Time spent auto-exploring this place.
 F = Levels seen in this place.
 G = Mean time per level.
                   A        B        C        D        E       F      G
               +--------+--------+--------+--------+--------+-----+--------+
         Total |   1032 |    966 |     66 |    104 |    268 |   2 |  516.0 |
       Dungeon |   1032 |    966 |     66 |    104 |    268 |   2 |  516.0 |
               +--------+--------+--------+--------+--------+-----+--------+

Top non-repeatable levels by time:
     D:1: 806 daAuts
     D:2: 225 daAuts
